General information
- name: BNet
- type: Ladder team game (AT/RT)
- host: Battle.net
- saver: DSSN
map: Deadlock
- players: 8
- length: 08:34
- speed: Fast
- version: 1.26 W3XP
- replay type: Public
» download(57 KB)
Players
team 1 (winner)
Ukr.Agresive (
orange | 48 APM | 414 actions | 08:33)
1 Death Knight
1 Death Coil
» actions
| Assign group hotkey | 2 | |
| Basic commands | 8 | |
| Build / train | 45 | |
| Enter build submenu | 8 | |
| Enter hero's abilities submenu | 1 | |
| Right click | 196 | |
| Select / deselect | 143 | |
| Use ability | 11 | |
414 total
» units
| Acolyte | 2 | |
| Ghoul | 27 | |
| Crypt Fiend | 3 | |
32 total
» buildings
| Crypt | 1 | |
| Ziggurat | 4 | |
| Altar of Darkness | 1 | |
| Graveyard | 1 | |
| Halls of the Dead | 4 | |
11 total
» build order
00:47 Crypt
01:00 Ziggurat
01:23 Altar of Darkness
01:38 Ziggurat
03:51 Ziggurat
04:09 Graveyard
05:17 Halls of the Dead
05:17 Halls of the Dead
05:17 Halls of the Dead
06:27 Ziggurat
NOOBTAC (
purple | 2374 APM | 20307 actions | 08:33)
» actions
| Build / train | 36 | |
| Enter build submenu | 19 | |
| Right click | 83 | |
| Select / deselect | 84 | |
| Use ability | 20085 | |
20307 total
» units
» upgrades
» buildings
| Lumber Mill | 6 | |
| Farm | 2 | |
| Scout Tower | 10 | |
| Guard Tower | 14 | |
32 total
» build order
00:21 Lumber Mill
00:34 Lumber Mill
00:48 Lumber Mill
01:03 Farm
01:17 Lumber Mill
01:27 Scout Tower
01:33 Lumber Mill
01:42 Lumber Mill
01:46 Scout Tower
01:58 Farm
02:03 Guard Tower
02:03 Guard Tower
02:03 Guard Tower
02:24 Guard Tower
02:24 Guard Tower
02:40 Scout Tower
02:48 Scout Tower
02:51 Scout Tower
03:07 Guard Tower
03:07 Guard Tower
03:08 Scout Tower
03:19 Scout Tower
03:20 Guard Tower
03:28 Scout Tower
03:32 Scout Tower
03:38 Scout Tower
03:43 Guard Tower
03:58 Guard Tower
04:07 Guard Tower
04:13 Guard Tower
04:22 Guard Tower
04:32 Guard Tower

»
Zaekk (
red | 28 APM | 240 actions | 08:33)
2 Demon Hunter
1 Mana Burn
1 Evasion
» actions
| Assign group hotkey | 7 | |
| Build / train | 24 | |
| Enter build submenu | 8 | |
| Enter hero's abilities submenu | 2 | |
| Right click | 90 | |
| Select / deselect | 76 | |
| Select group hotkey | 19 | |
| Use ability | 14 | |
240 total
» units
» upgrades
» buildings
| Altar of Elders | 1 | |
| Moon Well | 3 | |
| Hunter's Hall | 1 | |
| Ancient of War | 1 | |
| Ancient Protector | 1 | |
| Tree of Ages | 1 | |
| Ancient of Wind | 1 | |
9 total
» build order
01:01 Altar of Elders
01:07 Moon Well
02:19 Hunter's Hall
02:38 Ancient of War
03:15 Moon Well
03:22 Ancient Protector
04:48 Tree of Ages
04:51 Moon Well
08:10 Ancient of Wind

»
aesudga (
teal | 23 APM | 200 actions | 08:33)
1 Dreadlord
1 Vampiric Aura
» actions
| Build / train | 31 | |
| Enter build submenu | 9 | |
| Enter hero's abilities submenu | 1 | |
| Remove unit from queue | 1 | |
| Right click | 65 | |
| Select / deselect | 77 | |
| Use ability | 16 | |
200 total
» units
» upgrades
| Unholy Strength | 1 | |
| Unholy Armor | 1 | |
| Cannibalize | 1 | |
3 total
» buildings
| Altar of Darkness | 1 | |
| Ziggurat | 3 | |
| Graveyard | 1 | |
| Crypt | 2 | |
| Tomb of Relics | 1 | |
| Halls of the Dead | 1 | |
9 total
» build order
00:38 Altar of Darkness
00:42 Ziggurat
00:45 Graveyard
01:19 Crypt
01:24 Ziggurat
01:33 Tomb of Relics
02:54 Ziggurat
04:29 Crypt
06:54 Halls of the Dead
» items
team 2 (loser)
bobrov.by (
blue | 38 APM | 3 actions | 00:04)
» actions
| Right click | 1 | |
| Select / deselect | 2 | |
3 total

»
DSSN (
green | 94 APM | 802 actions | 08:34)
3 Death Knight
2 Death Coil
1 Unholy Aura
1 Paladin
1 Holy Light
» actions
| Assign group hotkey | 21 | |
| Basic commands | 9 | |
| Build / train | 60 | |
| ESC pressed | 2 | |
| Enter build submenu | 29 | |
| Enter hero's abilities submenu | 4 | |
| Right click | 298 | |
| Select / deselect | 167 | |
| Select group hotkey | 165 | |
| Use ability | 47 | |
802 total
» units
| Acolyte | 7 | |
| Peasant | 9 | |
| Ghoul | 2 | |
| Footman | 7 | |
| Crypt Fiend | 12 | |
37 total
» upgrades
| Creature Attack | 1 | |
| Creature Carapace | 1 | |
2 total
» buildings
| Altar of Darkness | 1 | |
| Ziggurat | 8 | |
| Altar of Kings | 1 | |
| Barracks | 1 | |
| Farm | 4 | |
| Crypt | 1 | |
| Graveyard | 1 | |
| Tomb of Relics | 1 | |
| Nerubian Tower | 4 | |
| Arcane Vault | 1 | |
| Necropolis | 1 | |
| Spirit Tower | 1 | |
| Halls of the Dead | 3 | |
28 total
» build order
00:20 Altar of Darkness
00:22 Ziggurat
00:30 Altar of Kings
00:31 Barracks
00:33 Farm
00:41 Crypt
01:02 Graveyard
01:23 Farm
01:28 Tomb of Relics
01:39 Ziggurat
02:26 Farm
02:42 Nerubian Tower
02:43 Nerubian Tower
02:43 Nerubian Tower
03:12 Farm
03:43 Arcane Vault
04:31 Necropolis
04:55 Ziggurat
05:51 Spirit Tower
07:13 Ziggurat
07:14 Ziggurat
07:16 Ziggurat
07:17 Ziggurat
07:37 Ziggurat
08:28 Halls of the Dead
08:28 Halls of the Dead
08:28 Halls of the Dead
» items
El-Bannano (
pink | 27 APM | 235 actions | 08:33)
3 Demon Hunter
2 Immolation
1 Evasion
» actions
| Assign group hotkey | 3 | |
| Basic commands | 7 | |
| Build / train | 20 | |
| Enter build submenu | 17 | |
| Enter hero's abilities submenu | 3 | |
| Remove unit from queue | 1 | |
| Right click | 58 | |
| Select / deselect | 70 | |
| Select group hotkey | 31 | |
| Use ability | 25 | |
235 total
» units
» buildings
| Altar of Elders | 1 | |
| Moon Well | 6 | |
| Ancient of War | 1 | |
| Hunter's Hall | 1 | |
| Tree of Ages | 1 | |
| Ancient of Wonders | 1 | |
| Ancient of Lore | 3 | |
| Tree of Eternity | 1 | |
| Ancient of Wind | 1 | |
16 total
» build order
01:08 Altar of Elders
01:13 Moon Well
01:50 Ancient of War
02:23 Moon Well
03:09 Hunter's Hall
03:12 Moon Well
03:56 Tree of Ages
04:11 Ancient of Wonders
05:06 Moon Well
05:08 Moon Well
05:09 Moon Well
06:43 Ancient of Lore
06:47 Ancient of Lore
07:18 Tree of Eternity
07:26 Ancient of Lore
07:53 Ancient of Wind

»
OzorA. (
yellow | 45 APM | 387 actions | 08:33)
3 Mountain King
2 Storm Bolt
1 Thunder Clap
1 Paladin
1 Divine Shield
» actions
| Assign group hotkey | 5 | |
| Basic commands | 5 | |
| Build / train | 27 | |
| Enter build submenu | 16 | |
| Enter hero's abilities submenu | 6 | |
| Remove unit from queue | 3 | |
| Right click | 177 | |
| Select / deselect | 74 | |
| Select group hotkey | 46 | |
| Use ability | 28 | |
387 total
» units
» upgrades
| Armor | 2 | |
| Gunpowder | 0 | |
| Lumber Harvesting | 1 | |
3 total
» buildings
| Altar of Kings | 1 | |
| Farm | 12 | |
| Barracks | 1 | |
| Lumber Mill | 2 | |
| Blacksmith | 1 | |
| Keep | 1 | |
| Castle | 1 | |
| Town Hall | 1 | |
20 total
» build order
00:08 Altar of Kings
00:27 Farm
00:39 Barracks
01:10 Farm
01:30 Lumber Mill
01:42 Farm
01:52 Lumber Mill
02:17 Blacksmith
04:21 Keep
06:01 Farm
06:05 Farm
06:08 Farm
06:13 Farm
06:48 Castle
07:22 Town Hall
08:00 Farm
08:02 Farm
08:03 Farm
08:05 Farm
08:06 Farm
» items
| Periapt of Vitality | 1 | |
| Circlet of Nobility | 1 | |
2 total
Chat log
(00:11 / All) DSSN: noobtac is a maphacking loadhacking drophacking 35 apm piece of shit
(00:17 / All) DSSN: http://highper.ch/index.phpN00BTAC%20drophack
(00:23 / Allies) DSSN: stay
(01:06 / Allies) DSSN: get back faggot pink
(01:07 / All) aesudga: ?
(01:33 / All) Zaekk: not a very good ratio for a hacker
(01:35 / All) DSSN: last game I played him he massed lumber mills then drophacked
(01:49 / All) aesudga: y he do
(01:51 / All) aesudga: but why
(01:53 / Allies) DSSN: no idea
(01:55 / All) DSSN: no idea
(01:56 / All) aesudga: whats drophacking?
(02:02 / All) DSSN: it forces the other team to leave
(02:06 / All) Zaekk: yep
(02:06 / All) DSSN: so they can't play the game
(02:09 / All) DSSN: even if they won
(02:10 / All) aesudga: lagging?
(02:13 / All) DSSN: yeah
(02:13 / All) Zaekk: no deco
(02:15 / All) DSSN: dropping out
(04:07 / Allies) OzorA.: me gryphons
(04:15 / Allies) El-Bannano: dryads
(06:27 / Allies) OzorA.: gogo
(06:55 / All) NOOBTAC: u noobs
(07:32 / All) DSSN: you have drophack so it wouldnt have mattered anyway
(07:38 / All) NOOBTAC: y
(07:48 / Allies) OzorA.: gj
(08:05 / Allies) DSSN: wtf we hold that? thought we lost
(08:12 / Allies) OzorA.: :D
(08:15 / Allies) DSSN: gj
(08:26 / All) NOOBTAC: r u rdy ?
(08:33 / All) DSSN: sick drophack bro